 Dungeon Crawl Stone Soup version 0.28.0-1-gb440e238dd (webtiles) character file.

Game seed: 16993614754402762446

210 Ablot the Grasshopper (level 5, 0/43 HPs)
             Began as a Gnoll Warper on Feb 20, 2022.
             Was an Initiate of Okawaru.
             Slain by an ice beast (8 damage)
             ... on level 4 of the Dungeon.
             The game lasted 00:07:27 (5146 turns).

Ablot the Grasshopper (Gnoll Warper)                Turns: 5146, Time: 00:07:28

Health: 0/43       AC:  4    Str: 12    XL:     5   Next: 87%
Magic:  12/12      EV: 13    Int: 12    God:    Okawaru [......]
Gold:   223        SH:  0    Dex: 12    Spells: 10/14 levels left

rFire   . . .      SeeInvis .   a - +0 spear
rCold   . . .      Faith    +   (no shield)
rNeg    . . .      Spirit   .   b - +0 leather armour
rPois   .          Reflect  .   h - +0 helmet
rElec   .          Harm     .   (no cloak)
rCorr   .          Rampage  .   (no gloves)
Will    .....                   (no boots)
Stlth   ++........              u - amulet of faith
HPRegen 0.14/turn               (no ring)
MPRegen 0.13/turn               (no ring)

@: no status effects
A: fangs 1, strong nose, distributed training
a: Renounce Religion


You were on level 4 of the Dungeon.
You worshipped Okawaru.
Okawaru was noncommittal.
You visited 2 branches of the dungeon, and saw 6 of its levels.

You collected 223 gold pieces.

Inventory:

Hand Weapons
 a - a +0 spear (weapon)
Missiles
 d - 5 boomerangs of dispersal
 f - 184 stones
 m - 38 bolts
 n - 4 silver boomerangs (quivered)
 r - 2 javelins
Armour
 b - a +0 leather armour (worn)
 h - a +0 helmet (worn)
Jewellery
 u - an amulet of faith (around neck)
Scrolls
 c - a scroll of blinking
 e - a scroll of immolation {unknown}
 g - 2 scrolls of vulnerability {unknown}
 j - 3 scrolls of teleportation {unknown}
 l - 4 scrolls of amnesia {unknown}
 p - 2 scrolls of fog {unknown}
 s - a scroll of identify {unknown}
 t - a scroll of fear {unknown}
Potions
 i - a potion of haste {unknown}
 k - a potion of heal wounds
 o - a potion of attraction {unknown}
 q - 3 potions of curing {unknown}


   Skills:
 + Level 4.8 Fighting
 + Level 1.6 Short Blades
 + Level 1.6 Long Blades
 + Level 1.6 Axes
 + Level 1.6 Maces & Flails
 + Level 4.8 Polearms
 + Level 1.6 Staves
 + Level 1.6 Slings
 + Level 1.6 Bows
 + Level 1.6 Crossbows
 + Level 3.1 Throwing
 + Level 3.1 Armour
 + Level 4.8 Dodging
 + Level 1.6 Stealth
 + Level 1.6 Shields
 + Level 1.6 Unarmed Combat
 + Level 5.2 Spellcasting
 + Level 1.3 Conjurations
 + Level 1.3 Hexes
 + Level 1.3 Summonings
 + Level 1.3 Necromancy
 + Level 5.6 Translocations
 + Level 1.3 Transmutations
 + Level 1.3 Fire Magic
 + Level 1.3 Ice Magic
 + Level 1.3 Air Magic
 + Level 1.3 Earth Magic
 + Level 1.3 Poison Magic
 + Level 1.9 Invocations
 + Level 1.6 Evocations


You had 10 spell levels left.
You knew the following spells:

 Your Spells              Type           Power      Damage    Failure   Level
a - Blink                 Tloc           32%        N/A       3%          2
b - Ensorcelled Hibernat  Hex/Ice        12%        N/A       22%         2

Your spell library contained the following spells:

 Spells                   Type           Power      Damage    Failure   Level
 Gell's Gravitas          Tloc           16%        N/A       8%          3
 Lesser Beckoning         Tloc           16%        N/A       8%          3
 Teleport Other           Tloc           16%        N/A       8%          3
 Magic Dart               Conj           24%        1d4       14%         1
 Passage of Golubria      Tloc           16%        N/A       24%         4
 Conjure Flame            Conj/Fire      6%         6-21      41%         3
 Ignite Poison            Fire/Tmut/Pois 6%         N/A       41%         3
 Mephitic Cloud           Conj/Pois/Air  6%         N/A       41%         3
 Spider Form              Tmut/Pois      6%         N/A       41%         3
 Manifold Assault         Tloc           16%        N/A       56%         5
 Anguish                  Hex/Necr       3%         N/A       82%         4
 Sticky Flame             Conj/Fire      6%         2d3       82%         4
 Yara's Violent Unravell  Hex/Tmut       3%         3d4       99%         5
 Call Imp                 Summ           Unusable   N/A       N/A         2
 Tukima's Dance           Hex            Unusable   N/A       N/A         3

Dungeon Overview and Level Annotations

Branches:
Dungeon (5/15)             Temple (1/1) D:4

Altars:
Dithmenos
Elyvilon
Fedhas
Gozag
Hepliaklqana
Kikubaaqudgha
Makhleb
Okawaru
Qazlal
Ru
Sif Muna
Trog
Uskayaw
Vehumet
Zin

Annotations:
D:3 3 runed translucent doors, exclusion: 3 doors, sipior's ghost, amateur TeAE
D:4 exclusion: 2 doors


Innate Abilities, Weirdness & Mutations

You have very sharp teeth.
Your uncanny sense of smell can sniff out nearby items.
Your experience applies equally to all skills.


Message History

You start resting.
HP restored.
You climb downwards.
Found 11 sling bullets, a glowing dagger and 3 curare-tipped darts.
There is a stone staircase leading up here.
You reach to attack!
The helpless ice beast fails to defend itself.
You hit the ice beast.
The ice beast is lightly wounded.
The ice beast misses you.
You climb upwards.
Level annotation: exclusion: 2 doors
There is a stone staircase leading down here.
You closely miss the ice beast.
The ice beast is lightly wounded.
The ice beast misses you.
You hit the ice beast but do no damage. You punch the ice beast.
The ice beast is lightly wounded.
The ice beast closely misses you.
You hit the ice beast. Your punch misses the ice beast.
The ice beast is lightly wounded.
The ice beast hits you. The ice beast freezes you.
You completely miss the ice beast. Your bite misses the ice beast.
The ice beast is lightly wounded.
You closely miss the ice beast.
The ice beast is lightly wounded.
The ice beast hits you. The ice beast freezes you!
You hit the ice beast.
The ice beast is lightly wounded.
The ice beast barely misses you.
You hit the ice beast but do no damage.
The ice beast is lightly wounded.
The ice beast hits you. The ice beast freezes you!
* * * LOW HITPOINT WARNING * * *
Unknown command.
There is an open door here.
The ice beast hits you.
* * * LOW HITPOINT WARNING * * *
The ice beast freezes you!
You die...

.# #.......### ##.## #.# .#
#####.#.# #.# #.# .# #.#.#
#.# #.# .#######.#.# ##'##
#.# .........#.# ##...## #.#
##########.# ##.....## ##.###
##.##.###.......## ##....#
##...#.##.........####...#.##
#.......'..Y@.....'..........
##...#.##.........####...#.##
##.##.###.......## ##.##.#
####.# ##.....## ####.# #.#
##...## #.# #####.# ##'##
##.# #.....# #.# ##..#
#.##### #.######## #.#.#
#####.#### ##........# ##.##


You could see an ice beast.

Vanquished Creatures
  A howler monkey (D:5)
  A hound (D:4)
  An orc wizard (D:3)
  A gnoll (D:1)
  4 adders
  An adder skeleton (D:3)
  3 worms
  A dart slug (D:4)
  3 orcs (D:3)
  5 ball pythons (D:1)
  3 bats
  2 endoplasms
  2 giant cockroaches (D:1)
  6 goblins
  6 hobgoblins
  4 jackals (D:3)
  6 quokkas
  2 frilled lizards
  2 kobolds (D:1)
  A rat (D:3)
55 creatures vanquished.

Vanquished Creatures (others)
  A fungus (D:3)
  5 toadstools (D:3)
6 creatures vanquished.

Grand Total: 61 creatures vanquished

Notes
Turn   | Place    | Note
-------+----------+-------------------------------------------
     0 | D:1      | Ablot the Gnoll Warper began the quest for the Orb.
     0 | D:1      | Reached XP level 1. HP: 20/20 MP: 6/6
   163 | D:1      | Reached XP level 2. HP: 24/26 MP: 7/7
   166 | D:1      | Learned a level 2 spell: Blink
   233 | D:1      | Found a faded altar of an unknown god.
   451 | D:1      | Reached XP level 3. HP: 24/31 MP: 9/9
   623 | D:1      | Reached skill level 5 in Spellcasting
  1356 | D:2      | Reached skill level 1 in Invocations
  1640 | D:2      | Reached skill level 1 in Short Blades
  1640 | D:2      | Reached skill level 1 in Long Blades
  1640 | D:2      | Reached skill level 1 in Axes
  1640 | D:2      | Reached skill level 1 in Maces & Flails
  1640 | D:2      | Reached skill level 1 in Staves
  1640 | D:2      | Reached skill level 1 in Slings
  1640 | D:2      | Reached skill level 1 in Bows
  1640 | D:2      | Reached skill level 1 in Crossbows
  1640 | D:2      | Reached skill level 1 in Stealth
  1640 | D:2      | Reached skill level 1 in Shields
  1640 | D:2      | Reached skill level 1 in Unarmed Combat
  1640 | D:2      | Reached skill level 1 in Evocations
  1928 | D:3      | Reached XP level 4. HP: 25/38 MP: 11/11
  2180 | D:3      | Reached skill level 1 in Conjurations
  2180 | D:3      | Reached skill level 1 in Hexes
  2180 | D:3      | Reached skill level 1 in Summonings
  2180 | D:3      | Reached skill level 1 in Necromancy
  2180 | D:3      | Reached skill level 1 in Transmutations
  2180 | D:3      | Reached skill level 1 in Fire Magic
  2180 | D:3      | Reached skill level 1 in Ice Magic
  2180 | D:3      | Reached skill level 1 in Air Magic
  2180 | D:3      | Reached skill level 1 in Earth Magic
  2180 | D:3      | Reached skill level 1 in Poison Magic
  2929 | D:3      | Found a runed translucent gate.
  2929 | D:3      | Found a runed translucent gate.
  2929 | D:3      | Found a runed translucent gate.
  2933 | D:3      | Noticed sipior's ghost (amateur TeAE)
  3318 | D:4      | Reached XP level 5. HP: 40/43 MP: 12/12
  3828 | D:4      | Found a staircase to the Ecumenical Temple.
  3857 | Temple   | Entered the Ecumenical Temple
  3866 | Temple   | Became a worshipper of Warmaster Okawaru
  3892 | D:4      | Learned a level 2 spell: Ensorcelled Hibernation
  4849 | D:5      | Entered Level 5 of the Dungeon
  4883 | D:5      | Noticed an ogre
  5116 | D:5      | Noticed an ice beast
  5146 | D:4      | Slain by an ice beast

Illustrated notes

Levels and vault maps discovered:
D:1:      shiori_arrival_oz, layout_basic, nicolae_ecumenical_snake_handling
D:2:      layout_basic, minmay_misc_feat_four_crosses
D:3:      layout_basic, gammafunk_ghost_split, moated_statue,
          minmay_gold_behind_fungi
D:4:      layout_loops_corners, minmay_temple_entry_mini_moons,
          kennysheep_small_spiral
D:5:      layout_loops_ring, chequers_temple_overflow_minitemple,
          minmay_tree_intersection, uniq_crazy_yiuf_cottage, uniq_pikel
Temple:   nicolae_temple_no_exploring_needed

Skill      XL: |  1  2  3  4  5 |
---------------+----------------+-----
Spellcasting   | 5 |  5.2
Invocations    | 1 |  1.9
Short Blades   | 1 |  1.6
Long Blades    | 1 |  1.6
Axes           | 1 |  1.6
Maces & Flails | 1 |  1.6
Staves         | 1 |  1.6
Slings         | 1 |  1.6
Bows           | 1 |  1.6
Crossbows      | 1 |  1.6
Stealth        | 1 |  1.6
Shields        | 1 |  1.6
Unarmed Combat | 1 |  1.6
Evocations     | 1 |  1.6
Conjurations   | 1 |  1.3
Hexes          | 1 |  1.3
Summonings     | 1 |  1.3
Necromancy     | 1 |  1.3
Transmutations | 1 |  1.3
Fire Magic     | 1 |  1.3
Ice Magic      | 1 |  1.3
Air Magic      | 1 |  1.3
Earth Magic    | 1 |  1.3
Poison Magic   | 1 |  1.3
Throwing       | 3 |  3.1
Armour         | 3 |  3.1
Fighting       | |  4.8
Polearms       | |  4.8
Dodging        | |  4.8
Translocations | |  5.6

Action                   |  1- 3 |  4- 6 || total
-------------------------+-------+-------++-------
Melee: Spear             |   144 |   228 ||   372
       Bite              |     4 |    23 ||    27
       Punch             |     3 |     1 ||     4
 Cast: Blink             |       |     5 ||     5
  Use: Potion            |       |     1 ||     1
 Stab: Sleeping          |     1 |     3 ||     4
       Distracted        |       |     1 ||     1
Armor: Leather armour    |    34 |    37 ||    71
Dodge: Dodged            |    66 |   103 ||   169
